 Dungeon Crawl Stone Soup version 0.30-a0-867-g305f33218d (webtiles) character file.

Game seed: 6794696701164162745

3507 Grim the Severer (level 9, -2/123 HPs)
             Began as a Minotaur Berserker on Mar 10, 2023.
             Was an Elder of Trog.
             Slain by an orc warrior
             ... wielding a +0 war axe
              (23 damage)
             ... in a bailey.
             The game lasted 00:10:32 (6783 turns).

Grim the Severer (Minotaur Berserker)               Turns: 6783, Time: 00:10:33

Health: -2/123     AC: 11    Str: 24    XL:     9   Next: 81%
Magic:  8/8        EV:  8    Int:  6    God:    Trog [****..]
Gold:   415        SH:  0    Dex: 10    Spells: 8/8 levels left

rFire   . . .      SeeInvis .    a - +4 war axe
rCold   . . .      Faith    .    (no shield)
rNeg    + . .      Spirit   .    o - +0 chain mail
rPois   +          Reflect  .    (helmet restricted)
rElec   .          Rampage  .    m - +0 cloak
rCorr   .                        (no gloves)
Will    ++...                    A - +0 pair of boots Stlth
                                 (no amulet)
HPRegen 1.40/turn                f - ring of poison resistance
MPRegen 0.11/turn                x - ring of positive energy

@: berserking, strong-willed, regenerating, very quick
A: horns 2, retaliatory headbutt
a: Renounce Religion, Berserk, Trog's Hand, Brothers in Arms


You were in a bailey.
You worshipped Trog.
Trog was greatly pleased with you.
You visited 1 branch of the dungeon, and saw 8 of its levels.
You also visited: Bailey.

You collected 415 gold pieces.

Inventory:

Hand Weapons
 a - a +4 war axe (weapon)
 b - a +0 sling
 i - a +3 battleaxe
Armour
 m - a +0 cloak (worn)
 o - a +0 chain mail (worn)
 A - a +0 pair of boots (worn)
Jewellery
 f - a ring of poison resistance (left hand)
 x - a ring of positive energy (right hand)
Wands
 u - a wand of flame (20)
Scrolls
 e - 2 scrolls of immolation {unknown}
 g - a scroll of poison {unknown}
 h - a scroll of teleportation {unknown}
 j - a scroll of enchant armour {unknown}
 k - a scroll of blinking {unknown}
 l - a scroll of amnesia {unknown}
 p - a scroll of butterflies {unknown}
 q - a scroll of magic mapping {unknown}
 r - 2 scrolls of torment {unknown}
 s - a scroll of identify {unknown}
 v - a scroll of brand weapon {unknown}
 w - a scroll of fog {unknown}
 y - 2 scrolls of noise {unknown}
 D - a scroll of acquirement {unknown}
Potions
 c - 5 potions of curing {unknown}
 d - 2 potions of lignification {unknown}
 n - 4 potions of heal wounds {unknown}
 t - 4 potions of magic {unknown}
 z - a potion of flight {unknown}
 B - a potion of brilliance {unknown}
 C - a potion of haste {unknown}
 E - a potion of resistance {unknown}
 F - 2 potions of might {unknown}
 G - a potion of mutation {unknown}
 H - 3 potions of cancellation {unknown}


   Skills:
 + Level 8.7 Fighting
 - Level 15.0 Axes
 - Level 2.4 Armour
 - Level 2.1 Dodging


You had 8 spell levels left.
You didn't know any spells.
Your spell library was empty.

Dungeon Overview and Level Annotations

Branches:
Dungeon (8/15)             Temple (0/1) D:4          Bailey (1/1)
   Lair: D:8-11

Altars:
Dithmenos
Elyvilon
Hepliaklqana
Uskayaw


Innate Abilities, Weirdness & Mutations

You have a pair of horns on your head.
You reflexively headbutt those who attack you in melee.


Message History

Trog accepts your kill.
The orc warrior hits you from afar with a +0 glaive!!
* * * LOW HITPOINT WARNING * * *
The orc barely misses you.
You are too injured to fight recklessly!
You are too injured to fight recklessly!
You feel a strong urge to attack something.
Things that are here:
a +0 war axe; an orc corpse You completely miss the orc warrior.
You headbutt the orc warrior!
The orc warrior is moderately wounded.
You slash the orc warrior! You slash the orc!
You feel the power of Trog in you as your rage grows.
You kill the orc!
Trog accepts your kill. The orc warrior closely misses you.
The orc warrior hits you with a +0 trident!
* * * LOW HITPOINT WARNING * * *
You hit the orc warrior.
The orc warrior is heavily wounded.
You slash the orc warrior!
Your ogre barely misses the orc warrior.
You slash the orc warrior!
You kill the orc warrior!
Trog accepts your kill.
You hit the orc warrior.
The orc hits you from afar with a +0 halberd!
* * * LOW HITPOINT WARNING * * *
The orc warrior hits your ogre with a +0 glaive!!
Your ogre dies!
Your ogre's corpse disappears in a puff of smoke!
You slice the orc!!
You kill the orc!
Trog accepts your kill.
You slash the orc warrior!
You kill the orc warrior!
Trog accepts your kill.
Unknown command.
The orc warrior hits you with a +0 war axe!!
You die...

### ####### ##### ).##
##..)..#########.....
...######..)))..#.....#......
...#....#..##).§ooo...'..#...
...'....'.)8...))o....'......
...#....#..##...@o....'..#
...######.......#.....#......
..## ##.....######## .....
### ####### ####


You could see an orc knight, an orc warrior (strong) and 3 orcs.

Vanquished Creatures
  A cyclops (D:6)
  A hornet (D:5)
  Prince Ribbit (D:7)
  Sigmund (D:5)
  A steam dragon (D:8)
  4 orc warriors
  3 ice beasts
  An ogre (D:7)
  A sky beast (D:7)
  A black bear (D:7)
  A phantom (D:4)
  4 scorpions
  2 bullfrogs
  5 wights (D:3)
  A jelly (D:5)
  Crazy Yiuf (D:7)
  3 orc priests
  4 hounds
  Jessica (D:2)
  6 orc wizards
  3 iguanas
  7 gnolls
  5 adders
  A shadow imp (D:6)
  A white imp (D:6)
  2 ufetubi (D:5)
  3 worms
  3 dart slugs
  52 orcs
  7 endoplasms
  14 giant cockroaches
  11 goblins
  6 hobgoblins
  4 jackals (D:4)
  6 quokkas
  6 ball pythons
  5 bats (D:1)
  A frilled lizard (D:1)
  4 kobolds
  4 rats
188 creatures vanquished.

Vanquished Creatures (collateral kills)
  An orc (Bailey)
1 creature vanquished.

Vanquished Creatures (others)
  2 goblins (D:8)
2 creatures vanquished.

Grand Total: 191 creatures vanquished

Notes
Turn   | Place    | Note
-------+----------+-------------------------------------------
     0 | D:1      | Grim the Minotaur Berserker began the quest for the Orb.
     0 | D:1      | Reached XP level 1. HP: 19/19 MP: 0/0
    32 | D:1      | Reached skill level 4 in Axes
   193 | D:1      | Found a faded altar of an unknown god.
   228 | D:1      | Reached XP level 2. HP: 23/26 MP: 1/1
   568 | D:1      | Reached skill level 5 in Axes
   836 | D:2      | Reached XP level 3. HP: 31/31 MP: 2/2
   869 | D:2      | Found a white marble altar of Elyvilon.
  1398 | D:2      | Reached ** piety under Trog
  1499 | D:2      | Reached skill level 6 in Axes
  1499 | D:2      | Reached XP level 4. HP: 39/39 MP: 3/3
  1554 | D:2      | Noticed Jessica
  1561 | D:2      | Killed Jessica
  2286 | D:3      | Reached XP level 5. HP: 37/45 MP: 4/4
  2292 | D:2      | HP: 3/67 [gnoll/+0 halberd (3)]
  2294 | D:2      | Reached skill level 7 in Axes
  2630 | D:3      | You fall into a shaft and drop 2 floors!
  2630 | D:5      | Entered Level 5 of the Dungeon
  2654 | D:4      | Found a staircase to the Ecumenical Temple.
  2693 | D:4      | Reached skill level 8 in Axes
  2709 | D:4      | Reached XP level 6. HP: 51/51 MP: 5/5
  3112 | D:4      | Reached skill level 9 in Axes
  3208 | D:4      | Found a hide-covered altar of Uskayaw.
  3230 | D:4      | Found a hazy altar of Hepliaklqana.
  3522 | D:3      | Reached XP level 7. HP: 38/57 MP: 6/6
  3531 | D:3      | Reached skill level 10 in Axes
  3876 | D:3      | Reached *** piety under Trog
  4267 | D:5      | Reached skill level 11 in Axes
  4435 | D:5      | Identified the +7 dagger of the Inferno {heavy, Fly rN+
                  | Dex+2}
  4518 | D:5      | Noticed Sigmund
  4519 | D:5      | Noticed a hornet
  4529 | D:5      | Killed a hornet
  4530 | D:5      | Reached skill level 12 in Axes
  4530 | D:5      | Reached XP level 8. HP: 64/64 MP: 7/7
  4532 | D:5      | Killed Sigmund
  4636 | D:5      | Reached skill level 13 in Axes
  5102 | D:6      | Noticed a cyclops
  5112 | D:6      | Killed a cyclops
  5113 | D:6      | Reached skill level 14 in Axes
  5113 | D:6      | Reached XP level 9. HP: 70/70 MP: 8/8
  5582 | D:7      | Found a shadowy altar of Dithmenos.
  5641 | D:7      | Reached skill level 15 in Axes
  5721 | D:7      | Reached skill level 5 in Fighting
  5790 | D:7      | Found a runed translucent door.
  5791 | D:7      | Noticed Crazy Yiuf
  5796 | D:7      | Killed Crazy Yiuf
  5798 | D:7      | Identified the +9 hammer "Goblin's Undoing" {flame, Fly
                  | rCorr SInv}
  5865 | D:7      | Reached **** piety under Trog
  5968 | D:7      | Noticed Prince Ribbit
  5975 | D:7      | Killed Prince Ribbit
  6454 | D:8      | Found a flagged portal.
  6553 | Bailey   | Entered a bailey
  6765 | Bailey   | Noticed an orc knight
  6783 | Bailey   | Slain by an orc warrior

Illustrated notes

Levels and vault maps discovered:
D:1:      nicolae_arrival_memento_mori, layout_rooms,
          ebering_ecumenical_altar_rust
D:2:      layout_loops_cross, basic_altar, uniq_jessica
D:3:      minmay_roachtagon, layout_rooms, chequers_garden,
          nicolae_kite_square_tiling_tiny, hangedman_abyss_or_decor_stabs,
          minmay_misc_feat_rugged, kennysheep_generic_room_15
D:4:      layout_cave_pools, mainiacjoe_overflow_big_doors,
          minmay_temple_entry_trees
D:5:      layout_rooms, uniq_sigmund
D:6:      layout_cave_pools
D:7:      nicolae_cairo_tiling_very_big, layout_loops_ring,
          lemuel_crystal_altar, nicolae_elevator_lobby_plus,
          uniq_prince_ribbit1, uniq_crazy_yiuf_cottage
D:8:      minmay_clustersquares, layout_basic, mainiacjoe_overflow_boulevard,
          enter_bailey_5, minmay_fractal_squares_gapless_5, uniq_grum,
          uniq_erica, uniq_joseph
Bailey:   bailey_polearm_5, bailey

Skill      XL: |  1  2  3  4  5  6  7  8  9 |
---------------+----------------------------+-----
Axes           | 4 5 6 8 9 12 14 15 | 15.0
Fighting       | 8 |  8.7
Armour         | |  2.4
Dodging        | |  2.1

Action                     |  1- 3 |  4- 6 |  7- 9 || total
---------------------------+-------+-------+-------++-------
  Melee: Hand axe          |    73 |    13 |       ||    86
         Headbutt          |    10 |    12 |    38 ||    60
         Punch             |     1 |       |       ||     1
         War axe           |       |    78 |   199 ||   277
   Fire: Sling             |       |     3 |     4 ||     7
 Invoke: Berserk           |       |     6 |     6 ||    12
         Trog's Hand       |       |     1 |     3 ||     4
         Brothers in Arms  |       |       |     1 ||     1
 Armour: Animal skin       |    12 |     8 |     6 ||    26
         Chain mail        |       |       |    85 ||    85
  Dodge: Dodged            |    43 |    65 |    84 ||   192

Table legend: (Time is in decaauts)
 A = Elapsed time spent in this place.
 B = Non-inter-level travel time spent in this place.
 C = Inter-level travel time spent in this place.
 D = Time resting spent in this place.
 E = Time spent auto-exploring this place.
 F = Levels seen in this place.
 G = Mean time per level.
                   A        B        C        D        E       F      G
               +--------+--------+--------+--------+--------+-----+--------+
         Total |   6870 |   6692 |    178 |   2251 |   3463 |   9 |  763.3 |
       Dungeon |   6647 |   6469 |    178 |   2163 |   3384 |   8 |  830.9 |
        Bailey |    222 |    222 |      0 |     88 |     79 |   1 |  222.0 |
               +--------+--------+--------+--------+--------+-----+--------+

Top non-repeatable levels by time:
     D:2: 1646 daAuts
     D:3: 1036 daAuts
     D:7: 873 daAuts
     D:1: 824 daAuts
     D:5: 814 daAuts
     D:4: 733 daAuts
     D:6: 564 daAuts
  Bailey: 222 daAuts
     D:8: 153 daAuts
